 Dungeon Crawl Stone Soup version 0.29.0-7-g18a832c13a (webtiles) character file.

Game seed: 9368965605438680300

3385 hilljack the Geomancer (level 10, -4/50 HPs)
             Began as a Gargoyle Earth Elementalist on Sept 1, 2022.
             Was an Initiate of the Shining One.
             Slain by a killer bee (8 damage)
             ... on level 8 of the Dungeon.
             The game lasted 00:19:06 (9508 turns).

hilljack the Geomancer (GrEE)                       Turns: 9508, Time: 00:19:06

Health: -4/50      AC: 12    Str: 11    XL:     10   Next: 4%
Magic:  7/13       EV: 14    Int: 21    God:    the Shining One [......]
Gold:   367        SH:  0    Dex: 10    Spells: 7/13 levels left

rFire   . . .      SeeInvis .   a - +3 whip (flame)
rCold   . . .      Faith    .   (no shield)
rNeg    + + +      Spirit   .   i - +2 robe
rPois   ∞          Reflect  .   (no helmet)
rElec   +          Harm     .   g - +0 cloak
rCorr   .          Rampage  .   (no gloves)
Will    .....                   (no boots)
Stlth   +.........              (no amulet)
HPRegen 0.16/turn               t - ring of positive energy
MPRegen 0.13/turn               w - ring of positive energy

@: glowing
A: sickness immunity, AC +7, negative energy resistance 1, electricity
resistance, torment resistance 1, petrification resistance
a: Renounce Religion


You were on level 8 of the Dungeon.
You worshipped the Shining One.
The Shining One was noncommittal.
You visited 2 branches of the dungeon, and saw 9 of its levels.

You collected 367 gold pieces.

Inventory:

Hand Weapons
 a - a +3 whip of flaming (weapon)
 f - a +2 morningstar of flaming
 n - a +0 war axe
Armour
 g - a +0 cloak (worn)
 i - a +2 robe (worn)
 q - +0 acid dragon scales
Jewellery
 t - a ring of positive energy (left hand)
 w - a ring of positive energy (right hand)
Wands
 j - a wand of quicksilver (11)
Scrolls
 b - a scroll of magic mapping
 d - a scroll of fog
 p - a scroll of fear
 s - a scroll of identify
 v - a scroll of vulnerability {unknown}
 x - a scroll of poison {unknown}
Potions
 c - a potion of haste
 e - a potion of flight {unknown}
 h - 3 potions of heal wounds
 k - a potion of magic
 l - 3 potions of lignification
 m - 5 potions of curing
 o - a potion of experience {unknown}
 r - a potion of cancellation {unknown}
 u - 4 potions of ambrosia


   Skills:
 * Level 8.8 Dodging
 - Level 2.1 Stealth
 - Level 2.0 Spellcasting
 + Level 6.3 Conjurations
 - Level 0.7 Transmutations
 + Level 9.4 Earth Magic


You had 7 spell levels left.
You knew the following spells:

 Your Spells              Type           Power      Damage    Failure   Level
a - Sandblast             Erth           82%        2d17      1%          1
b - Passwall              Tmut/Erth      19%        N/A       2%          2
c - Stone Arrow           Conj/Erth      70%        3d11      1%          3

Your spell library contained the following spells:

 Spells                   Type           Power      Damage    Failure   Level
 Magic Dart               Conj           100%       1d8       1%          1
 Searing Ray              Conj           56%        2d6       1%          2
 Foxfire                  Conj/Fire      60%        2x1d7     4%          1
 Beastly Appendage        Tmut           10%        N/A       11%         1
 Conjure Flame            Conj/Fire      15%        6-21      12%         3
 Apportation              Tloc           4%         N/A       14%         1
 Necrotise                Necr           8%         1d4       14%         1
 Summon Small Mammal      Summ           8%         N/A       14%         1
 Wereblood                Tmut           5%         N/A       17%         2
 Petrify                  Tmut/Erth      23%        N/A       19%         4
 Spider Form              Tmut/Pois      3%         N/A       36%         3
 Flame Wave               Conj/Fire      15%        2d7       36%         4
 Fulminant Prism          Conj/Hex       7%         3d7       36%         4
 Inner Flame              Hex/Fire       2%         N/A       41%         3
 Portal Projectile        Hex/Tloc       4%         N/A       41%         3
 Tukima's Dance           Hex            2%         N/A       41%         3
 Cause Fear               Hex            1%         N/A       82%         4
 Blade Hands              Tmut           2%         N/A       97%         5
 Discord                  Hex            1%         N/A       100%        8


Dungeon Overview and Level Annotations

Branches:
Dungeon (8/15)             Temple (1/1) D:6
   Lair: D:8-11

Altars:
Ashenzari
Cheibriados
Dithmenos
Elyvilon
Fedhas
Gozag
Hepliaklqana
Kikubaaqudgha
Makhleb
Nemelex Xobeh
Okawaru
Qazlal
Ru
Sif Muna
Trog
Uskayaw
Vehumet
Wu Jian
Xom
Yredelemnul
Zin
The Shining One

Annotations:
D:5 Edmund


Innate Abilities, Weirdness & Mutations

You are immune to sickness and miasma.
Your stone body is resilient. (AC +7)
You are immune to poison.
You resist negative energy. (rN+)
You are resistant to electric shocks. (rElec)
You are resistant to unholy torment.
You are immune to petrification.


Message History

The killer bee barely misses you. The killer bee closely misses you.
The killer bee barely misses you. The killer bee closely misses you.
Casting: Sandblast (safe; 1% risk of failure)
Confirm with . or Enter, or press ? or * to list all spells.
Aiming: Sandblast (safe; 1% risk of failure)
Press: ? - help, Shift-Dir - straight line, f/p - killer bee
Aim: a killer bee (almost dead, haloed, 75% to hit)
The blast of sand misses the killer bee.
The killer bee misses you.
The killer bee stings you but does no damage. x2
The killer bee misses you. The killer bee stings you!
The killer bee stings you. x2; The killer bee closely misses you.
The killer bee misses you.
Casting: Sandblast (safe; 1% risk of failure)
Confirm with . or Enter, or press ? or * to list all spells.
Aiming: Sandblast (safe; 1% risk of failure)
Press: ? - help, Shift-Dir - straight line, f/p - killer bee
Aim: a killer bee (almost dead, haloed, 75% to hit)
The blast of sand hits the killer bee!
You kill the killer bee!
The killer bee stings you but does no damage.
The killer bee closely misses you. x2; The killer bee stings you.
* * * LOW HITPOINT WARNING * * *
The killer bee misses you. The killer bee closely misses you.
The killer bee stings you but does no damage.
The killer bee closely misses you.
Casting: Sandblast (safe; 1% risk of failure)
Confirm with . or Enter, or press ? or * to list all spells.
Aiming: Sandblast (safe; 1% risk of failure)
Press: ? - help, Shift-Dir - straight line, f - killer bee
Aim: a killer bee (haloed, 75% to hit)
The blast of sand misses the killer bee.
The killer bee barely misses you. x4; The killer bee stings you.
* * * LOW HITPOINT WARNING * * *
The killer bee barely misses you. The killer bee stings you.
* * * LOW HITPOINT WARNING * * *
The killer bee stings you.
* * * LOW HITPOINT WARNING * * *
The killer bee stings you!
You die...

#..........#
#..#..<.......#
...............#
.......[.......#
..............##
............###
............#
...^......!.#
###.......y@#
$#....###yy#
#.... ##..#
..... ##.# ....
#.# >## ..# ...
..


You could see 3 killer bees.

Vanquished Creatures
  Pikel (D:5)
  Joseph (D:7)
  Maggie (D:7)
  Grinder (D:6)
  Sigmund (D:5)
  A steam dragon (D:7)
  Duvessa (D:6)
  A black bear (D:5)
  3 ogres (D:5)
  2 lemures (D:5)
  3 centaurs
  Blork the orc (D:5)
  2 scorpions (D:5)
  2 bullfrogs
  Dowan (D:6)
  6 killer bees
  4 hounds
  2 jellies
  4 orc priests
  2 iguanas
  2 orc wizards (D:5)
  8 adders
  2 shadow imps
  2 ufetubi (D:5)
  A worm (D:2)
  11 orcs
  2 bats
  5 endoplasms
  A giant cockroach (D:1)
  4 hobgoblins
  4 jackals
  8 quokkas
  4 ball pythons
  5 frilled lizards
  4 goblins
  4 kobolds
  4 rats
111 creatures vanquished.

Vanquished Creatures (others)
  A plant (D:3)
1 creature vanquished.

Grand Total: 112 creatures vanquished

Notes
Turn   | Place    | Note
-------+----------+-------------------------------------------
     0 | D:1      | hilljack the Gargoyle Earth Elementalist began the quest
                  | for the Orb.
     0 | D:1      | Reached XP level 1. HP: 10/10 MP: 3/3
   483 | D:1      | Reached XP level 2. HP: 14/15 MP: 0/5
  1096 | D:2      | Reached skill level 4 in Earth Magic
  1193 | D:2      | Found an ornate altar of the Wu Jian Council.
  1428 | D:2      | Reached XP level 3. HP: 17/19 MP: 4/6
  1431 | D:2      | Learned a level 2 spell: Passwall
  1435 | D:2      | Learned a level 3 spell: Stone Arrow
  1727 | D:3      | You fall into a shaft and drop 1 floor!
  1746 | D:3      | Found a faded altar of an unknown god.
  2647 | D:3      | Reached XP level 4. HP: 17/24 MP: 2/7
  3025 | D:4      | Found a glowing golden altar of the Shining One.
  3052 | D:4      | Became a worshipper of the Shining One
  3180 | D:4      | Found an ornate altar of the Wu Jian Council.
  3234 | D:4      | Reached XP level 5. HP: 28/28 MP: 4/8
  3453 | D:5      | Entered Level 5 of the Dungeon
  3453 | D:5      | Noticed a centaur
  3461 | D:5      | Killed a centaur
  3462 | D:5      | Reached skill level 5 in Earth Magic
  3463 | D:5      | Reached XP level 6. HP: 14/32 MP: 7/9
  3982 | D:5      | Reached skill level 5 in Dodging
  3982 | D:5      | Reached skill level 6 in Earth Magic
  3982 | D:5      | Reached XP level 7. HP: 36/36 MP: 4/10
  4292 | D:5      | Noticed Blork the orc
  4299 | D:5      | Killed Blork the orc
  4523 | D:5      | Reached skill level 1 in Conjurations
  4540 | D:5      | Noticed Sigmund
  4546 | D:5      | Killed Sigmund
  4656 | D:5      | Found a sparkling altar of Nemelex Xobeh.
  4830 | D:5      | Reached XP level 8. HP: 41/41 MP: 4/11
  5020 | D:5      | Noticed Pikel
  5049 | D:5      | Killed Pikel
  5050 | D:5      | Reached skill level 7 in Earth Magic
  5181 | D:5      | Found a shimmering blue altar of Sif Muna.
  5182 | D:5      | Found a blossoming altar of Fedhas.
  5188 | D:5      | Noticed Edmund
  5805 | D:6      | Reached skill level 8 in Earth Magic
  5805 | D:6      | Reached XP level 9. HP: 37/45 MP: 9/12
  6097 | D:6      | Found a staircase to the Ecumenical Temple.
  6097 | D:6      | Noticed Grinder
  6103 | D:6      | Killed Grinder
  6238 | D:6      | Noticed Duvessa
  6239 | D:6      | Noticed Dowan
  6241 | D:6      | Killed Duvessa
  6242 | D:6      | Reached skill level 5 in Conjurations
  6245 | D:6      | Killed Dowan
  6269 | Temple   | Entered the Ecumenical Temple
  7132 | D:7      | Found an iron altar of Okawaru.
  7346 | D:7      | Noticed Maggie
  7686 | D:7      | Killed Maggie
  7687 | D:7      | Reached skill level 9 in Earth Magic
  7786 | D:7      | Noticed Joseph
  8612 | D:7      | Killed Joseph
  9383 | D:7      | Reached XP level 10. HP: 50/50 MP: 10/13
  9508 | D:8      | Slain by a killer bee

Illustrated notes

Levels and vault maps discovered:
D:1:      minmay_arrival_five_plusses, layout_loops_ring
D:2:      layout_loops_ring, basic_altar, eino_tiny_chamber, st_stairs_7
D:3:      layout_basic, dreamdust_ecumenical_altar_statues,
          guppyfry_early_lair_pool
D:4:      layout_rooms, tso_metal_star, mainiacjoe_overflow_tiny_flanked
D:5:      layout_loops_corners, nemelex_dance_club_becter,
          nicolae_overflow_squiral, hangedman_decor_clover_reticule,
          minivault_14, kennysheep_generic_room_11, uniq_sigmund, uniq_pikel,
          uniq_edmund, uniq_blork_the_orc
D:6:      layout_cave_pods, minmay_temple_entry_drinking_statues, uniq_duvessa,
          uniq_grinder
D:7:      layout_basic, mainiacjoe_overflow_concentric_impassable, uniq_joseph,
          uniq_maggie
D:8:      layout_layer_cave
Temple:   lightli_temple_of_artemis

Skill      XL: |  1  2  3  4  5  6  7  8  9 |
---------------+----------------------------+-----
Dodging        | 2 3 4 5 6 7 8 |  8.8
Earth Magic    | 4 5 6 8 9 |  9.4
Conjurations   | 2 4 6 |  6.3
Stealth        | |  2.1
Spellcasting   | |  2.0
Transmutations | |  0.7

Action                   |  1- 3 |  4- 6 |  7- 9 | 10-12 || total
-------------------------+-------+-------+-------+-------++-------
Melee: Short sword       |    22 |     4 |       |       ||    26
       War axe           |       |     9 |    15 |       ||    24
       Whip              |       |       |    32 |       ||    32
       Punch             |       |       |     1 |       ||     1
 Cast: Sandblast         |    49 |    36 |    78 |     9 ||   172
       Stone Arrow       |       |       |    28 |       ||    28
  Use: Scroll            |     5 |     1 |    13 |       ||    19
       Potion            |       |     1 |     3 |       ||     4
 Stab: Sleeping          |     1 |       |       |       ||     1
Armor: Robe              |    15 |    15 |    35 |     9 ||    74
Dodge: Dodged            |    38 |    31 |    88 |    32 ||   189
